 Dungeon Sprint DCSS version 0.22.1-1-ga44c0e56f4 (webtiles) character file.

12148 KleinerIrrer the Peltast (level 11, -23/89 (90) HPs)
             Began as an Octopode Fire Elementalist on Nov 1, 2018.
             Was an Initiate of Gozag.
             Annihilated by a reaper
             ... wielding a +6 scythe of freezing
             ... summoned by a mummy priest's death curse
              (37 damage)
             ... in the Dungeon (Sprint V: "Ziggurat Sprint").
             The game lasted 00:19:14 (1472 turns).

KleinerIrrer the Peltast (OpFE)                     Turns: 1472, Time: 00:19:15

HP:   -23/89 (90)   AC:  1    Str: 13    XL:     11   Next: 88%
MP:   6/15          EV: 14    Int: 40    God:    Gozag
Gold: 187           SH: 35    Dex: 27    Spells: 8/28 levels left

rFire    + . .     SeeInvis +   H - +7 Screaming Sword
rCold    + . .     Gourm    .   G - +18 shield of the Gong {rElec rN+ MR+ EV-5}
rNeg     + . .     Faith    .   (helmet restricted)
rPois    +         Spirit   .   M - +3 amulet of reflection
rElec    +         Reflect  +   W - ring "Vycegowa" {rPois MR+ Int+5 SInv}
rCorr    .         Harm     .   y - +6 ring of dexterity
MR       ++++.     Clarity  +   A - +6 ring of intelligence Stlth ++++++....NoTele +
                                B - +6 ring of intelligence
HPRegen  0.00/turn              N - ring "Paimier" {rElec rF+ MR+ MP-9 Dex+3}
MPRegen  0.14/turn              S - ring of protection from magic
                                P - ring of protection from cold
                                J - ring of wizardry

@: mighty, brilliant, agile, lethally poisoned (-23 -> -50), gold aura,
non-regenerating, diseased, hasted and slowed
A: almost no armour, stealthy swim, amphibious, 8 rings, constrict 8, camouflage
1, clarity, dopey 1, gelatinous body 1
a: Potion Petition, Call Merchant, Bribe Branch, Renounce Religion


You were in the Dungeon.
You worshipped Gozag.
Gozag was aware of your devotion.
You were hungry.

You visited 1 branch You collected 3726 gold pieces.
You paid 3539 gold pieces to Gozag.

Inventory:

Hand Weapons
 k - a +5 broad axe of freezing
 F - the +6 Majin-Bo {vamp, Archmagi MP+6 Int+6}
   (You found it in the Dungeon)

   It inflicts no extra harm, but heals its wielder when it wounds a living foe.
   It affects your intelligence (+6).
   It affects your magic capacity (+6).
 H - the +7 Screaming Sword (weapon)
   (You found it in the Dungeon)
Armour
 G - the +18 shield of the Gong (worn) {rElec rN+ MR+ EV-5}
   (You found it in the Dungeon)

   It affects your evasion (-5).
   It insulates you from electricity.
   It protects you from negative energy.
   It affects your resistance to hostile enchantments.
Magical Staves
 t - an uncursed staff of energy
 K - an uncursed staff of fire
 T - a cursed staff of wizardry
 U - a cursed staff of fire
Jewellery
 y - a +6 ring of dexterity (right tentacle)
 z - a +6 ring of dexterity
 A - a +6 ring of intelligence (on tentacle)
 B - a +6 ring of intelligence (on tentacle)
 C - a +6 ring of strength
 D - a +6 ring of strength
 E - an uncursed ring of flight
 J - a ring of wizardry (on tentacle)
 M - a +3 amulet of reflection (around mantle)
 N - the ring "Paimier" (on tentacle) {rElec rF+ MR+ MP-9 Dex+3}
   (You took it off a deep elf mage in the Dungeon)

   [ring of protection from magic]

   It affects your dexterity (+3).
   It protects you from fire.
   It insulates you from electricity.
   It affects your resistance to hostile enchantments.
   It affects your magic capacity (-9).
 P - a ring of protection from cold (on tentacle)
 S - a ring of protection from magic (on tentacle)
 V - the ring "Samytuot" {rElec rPois EV+3}
   (You found it in the Dungeon)

   [ring of evasion]

   It affects your evasion (+3).
   It insulates you from electricity.
   It protects you from poison.
 W - the ring "Vycegowa" (left tentacle) {rPois MR+ Int+5 SInv}
   (You found it in the Dungeon)

   [ring of see invisible]

   It affects your intelligence (+5).
   It protects you from poison.
   It affects your resistance to hostile enchantments.
   It lets you see invisible.
Wands
 v - a wand of disintegration (7)
 w - a wand of iceblast (3)
 x - a wand of acid (5)
Scrolls
 h - 4 scrolls of blinking
 n - 4 scrolls of amnesia
 o - 7 scrolls of fog
 p - a scroll of holy word
 q - 5 scrolls of identify
 r - 5 scrolls of remove curse
 s - 2 scrolls of fear
 L - 8 scrolls of enchant weapon
Potions
 a - 2 potions of brilliance
 c - 10 potions of curing
 d - 4 potions of heal wounds
 e - 6 potions of haste
 f - 6 potions of magic
 g - 3 potions of berserk rage
 i - 2 potions of invisibility
 j - 4 potions of resistance
 l - 5 potions of agility
 m - 5 potions of might
Miscellaneous
 u - a crystal ball of energy
 I - a lightning rod (1/4)
 O - a fan of gales (inert)
 R - a phial of floods (inert)
Comestibles
 b - 6 rations


   Skills:
 * Level 14.5 Fighting
 - Level 0.5 Axes
 - Level 2.0 Dodging
 - Level 2.6 Stealth
 * Level 15.0 Shields
 * Level 9.2 Spellcasting
 - Level 5.6 Conjurations
 * Level 6.8 Transmutations
 - Level 11.7 Fire Magic
 - Level 6.3 Earth Magic
 * Level 9.2 Evocations


You had 8 spell levels left.
You knew the following spells:

 Your Spells              Type           Power        Failure   Level  Hunger
a - Flame Tongue          Conj/Fire      #####        1%          1    None
b - Fireball              Conj/Fire      #######...   1%          5    ##.....
c - Statue Form           Tmut/Erth      #######..    2%          6    ####...
d - Necromutation         Tmut/Necr      ######....   91%         8    #######

Your spell library contained the following spells:

 Spells                   Type           Power        Failure   Level  Hunger
 Animate Skeleton         Necr           N/A          1%          1    None
 Apportation              Tloc           #####.       1%          1    None
 Confusing Touch          Hex            #####.       1%          1    None
 Sting                    Conj/Pois      ####         1%          1    None
 Summon Butterflies       Summ           #####...     1%          1    None
 Summon Small Mammal      Summ           ####         1%          1    None
 Poisonous Vapours        Pois/Air       #####.       1%          2    None
 Throw Flame              Conj/Fire      ######       1%          2    None
 Call Canine Familiar     Summ           #####...     1%          3    None
 Confuse                  Hex            #####...     1%          3    None
 Conjure Flame            Conj/Fire      #######.     1%          3    None
 Inner Flame              Hex/Fire       ######..     1%          3    None
 Lesser Beckoning         Tloc           #####.....   1%          3    None
 Mephitic Cloud           Conj/Pois/Air  ######..     1%          3    None
 Portal Projectile        Hex/Tloc       #####.       1%          3    None
 Spectral Weapon          Hex/Chrm       #####...     1%          3    None
 Summon Guardian Golem    Hex/Summ       #####...     1%          3    None
 Tukima's Dance           Hex            #####...     1%          3    None
 Sticky Flame             Conj/Fire      #######.     1%          4    None
 Alistair's Intoxication  Tmut/Pois      ######..     1%          5    ##.....
 Borgnjor's Vile Clutch   Necr/Erth      ######....   1%          5    ##.....
 Irradiate                Conj/Tmut      #######...   1%          5    ##.....
 Olgreb's Toxic Radiance  Pois           #####...     2%          4    None
 Summon Ice Beast         Ice/Summ       #####...     2%          4    None
 Venom Bolt               Conj/Pois      ######....   2%          5    ##.....
 Hydra Form               Tmut           #######...   2%          6    ####...
 Summon Forest            Summ/Tloc      #####.....   6%          5    ##.....
 Summon Mana Viper        Hex/Summ       #####...     6%          5    ##.....
 Dragon Form              Tmut           #######...   11%         7    ######.
 Freezing Cloud           Conj/Ice/Air   ######....   14%         6    ####...
 Ring of Flames           Chrm/Fire      ######....   16%         7    ######.
 Invisibility             Hex            #####...     28%         6    ####...
 Simulacrum               Ice/Necr       #####.....   28%         6    ####...
 Haunt                    Necr/Summ      #####.....   77%         7    ######.
 Summon Hydra             Summ           #####.....   77%         7    ######.
 Borgnjor's Revivificati  Necr           #####.....   100%        8    #######
 Death's Door             Chrm/Necr      #####.....   100%        8    #######
 Infestation              Necr           #####.....   100%        8    #######


Dungeon Overview and Level Annotations

Branches:
Dungeon (1/1)

Altars:
Ashenzari
Cheibriados
Dithmenos
Elyvilon
Fedhas
Gozag
Hepliaklqana
Kikubaaqudgha
Makhleb
Nemelex Xobeh
Okawaru
Qazlal
Ru
Sif Muna
Trog
Uskayaw
Vehumet
Wu Jian
Xom
Yredelemnul
Zin
The Shining One
Beogh
Jiyva
Lugonu


Innate Abilities, Weirdness & Mutations

You cannot wear most types of armour.
You are very stealthy in the water. (Stealth+)
You are amphibious.
You can wear up to eight rings at the same time.
You can use your tentacles to constrict eight enemies at once.
Your skin changes colour to match your surroundings (Stealth+).
Your rubbery body absorbs attacks. (AC +1, EV +1)
You possess an exceptional clarity of mind.
You are dopey. (Int -2)


Message History

The flying skull closely misses your flying skull.
The shadow misses your flying skull.
Your necrophage barely misses the hungry ghost.
The shadow wraith hits your greater mummy but does no damage.
Something barely misses your jiangshi. Something hits your greater mummy.
The mana viper is engulfed in dark miasma.
The mana viper looks even sicker.
The mana viper seems to slow down.
The mana viper dies!
The greater mummy barely misses your water elemental.
Your flying skull hits the mummy!
The mummy is destroyed!
The greater mummy calls on the powers of darkness!
Your body is wracked with pain!
* * * LOW HITPOINT WARNING * * *
Your water elemental hits the greater mummy!
The spectral bat hits your water elemental but does no damage.
Your greater mummy casts a spell.
The reaper hits you with a scythe of freezing!!!
You die...
Your body crumbles into a pile of gold.

▓..|))[)}.▓..}.[)}..▓..)|)
▓..).}::..▓..}..[...▓...=.
▓....$W...▓.........▓.....
▓..n$Vzz.M▓.........▓.....
▓..ZW§WZ.W▓.........▓.....
▓..ZWM.W83▓.........▓.....
▓..▓VzM▓WM▓.........▓.....
▓.▓§z§ZE▓2▓.▓.....▓.▓....©
▓....©§M≈@▓....©....▓▓▓▓▓▓
▓▓▓▓▓▓▓▓▓▓▓▓▓▓▓▓▓▓▓▓▓


You could see 2 greater mummies, a reaper, a mummy priest, a shadow wraith
(invisible), a guardian mummy, an ushabti, a spectral bat, a smoke demon, 4
hungry ghosts, a shadow, a flying skull, a friendly greater mummy, a friendly
jiangshi, a friendly spectral bat, a friendly water elemental, a friendly
vampire, a friendly necrophage, a friendly shadow, 3 friendly flying skulls, a
friendly giant cockroach zombie and a friendly jackal skeleton.

Vanquished Creatures
  A ghoul (D)
  A mummy priest (D)
  4 soul eaters (D)
  An unseen horror (shapeshifter) (D)
  5 deep elf magi (D)
  2 shining eyes (D)
  2 ugly things (D)
  An eye of devastation (D)
  A polar bear (D)
  A wind drake (shapeshifter) (D)
  3 guardian mummies (D)
  3 slime creatures (D)
  2 spriggans (D)
  3 golden eyes (D)
  A neqoxec (D)
  3 floating eyes (D)
  A water moccasin (D)
  3 black bears (D)
  An ice beast (D)
  A phantom (D)
  2 eyes of draining (D)
  A wolf (D)
  A wight (D)
  A crimson imp (D)
  3 jellies (D)
  2 mummies (D)
  An adder (D)
  A shadow imp (D)
  A white imp (D)
  2 oozes (D)
  A worm (shapeshifter) (D)
  2 spectral bats (D)
  A bat skeleton (D)
  2 bat zombies (D)
  2 ball pythons (D)
  A giant cockroach simulacrum (D)
  A jackal skeleton (D)
  A leopard gecko zombie (D)
66 creatures vanquished.

Vanquished Creatures (collateral kills)
  A hell hound (D)
  A black bear (D)
  A crimson imp (D)
  An adder skeleton (D)
4 creatures vanquished.

Grand Total: 70 creatures vanquished

Notes
Turn   | Place    | Note
-------+----------+-------------------------------------------
     0 | D        | Found the +6 Majin-Bo {vamp, Archmagi MP+6 Int+6}
     0 | D        | Found the +7 great mace "Firestarter" {inner flame, rF++}
     0 | D        | KleinerIrrer the Octopode Fire Elementalist began the quest
                  | for the Orb.
     0 | D        | Reached XP level 1. HP: 11/11 MP: 3/3
     0 | D        | Found a deep blue altar of Sif Muna.
     0 | D        | Found a sacrificial altar of Ru.
     0 | D        | Found a bloodstained altar of Trog.
     0 | D        | Found a stormy altar of Qazlal.
     0 | D        | Found an iron altar of Okawaru.
     0 | D        | Found a sparkling altar of Nemelex Xobeh.
     0 | D        | Found a blossoming altar of Fedhas.
     2 | D        | Found a transporter.
     2 | D        | Found an ancient bone altar of Kikubaaqudgha.
     2 | D        | Found a viscous altar of Jiyva.
     2 | D        | Found a corrupted altar of Lugonu.
     2 | D        | Found a hazy altar of Hepliaklqana.
     2 | D        | Found a burning altar of Makhleb.
     2 | D        | Found an opulent altar of Gozag.
    27 | D        | Found the +9 heavy crossbow "Sniper" {velocity, Acc+∞ SInv}
    27 | D        | Found the +10 dark maul {crush}
    27 | D        | Found the +15 Maxwell's patent armour {-Cast -Tele rElec
                  | MR+ rCorr}
    27 | D        | Found the +18 shield of the Gong {rElec rN+ MR+ EV-5}
    27 | D        | Found the cursed +14 obsidian axe {chop, +Fly SInv *Curse}
    29 | D        | Found the +6 shillelagh "Devastator" {shatter}
    29 | D        | Found the +11 plutonium sword {*Contam Stlth-}
    29 | D        | Found the +8 lance "Wyrmbane" {slay drac, rPois rF+ rC+
                  | AC+3}
    29 | D        | Found the +9 sword of Zonguldrok {reap}
    29 | D        | Found the cursed +13 scythe of Curses {drain, *Curse}
    29 | D        | Found the +0 sword of Power
    29 | D        | Found the +7 mace of Variability {chain chaos}
    29 | D        | Found the +7 Singing Sword
    29 | D        | Found the +7 longbow "Piercer" {penet, EV-2}
    42 | D        | Reached skill level 5 in Fighting
    42 | D        | Reached skill level 5 in Shields
    42 | D        | Reached XP level 2. HP: 24/24 MP: 5/5
    47 | D        | Became a worshipper of Gozag Ym Sagoz the Greedy
    73 | D        | Entered arena 2.
    73 | D        | Noticed a phantom
    73 | D        | Noticed a wight
    73 | D        | Found a transporter.
    76 | D        | Killed a phantom
    76 | D        | Reached skill level 6 in Shields
    76 | D        | Reached XP level 3. HP: 32/32 MP: 6/6
    76 | D        | Reached XP level 4. HP: 38/38 MP: 7/7
    76 | D        | Reached skill level 7 in Shields
    76 | D        | Reached XP level 5. HP: 44/44 MP: 8/8
    92 | D        | Entered arena 3.
    92 | D        | Noticed an ice beast
    92 | D        | Noticed a polar bear
    92 | D        | Found a transporter.
    96 | D        | Killed an ice beast
    96 | D        | Reached skill level 8 in Shields
    96 | D        | Reached XP level 6. HP: 51/51 MP: 9/9
   100 | D        | Killed a polar bear
   100 | D        | Reached skill level 10 in Fighting
   100 | D        | Reached skill level 10 in Shields
   100 | D        | Reached XP level 7. HP: 25/60 MP: 10/10
   110 | D        | Got Keotsik's Incunabulum of Incorporation
   273 | D        | Entered arena 4.
   273 | D        | Noticed a slime creature
   273 | D        | Found a transporter.
   274 | D        | Paralysed by a floating eye for 3 turns
   279 | D        | Reached skill level 11 in Shields
   280 | D        | Killed a slime creature
   280 | D        | Reached XP level 8. HP: 68/68 MP: 11/11
   298 | D        | Learned a level 5 spell: Fireball
   298 | D        | Entered arena 5.
   298 | D        | Found a transporter.
   320 | D        | Entered arena 6.
   320 | D        | Noticed a deep elf mage
   320 | D        | Noticed a deep elf mage
   320 | D        | Noticed a deep elf mage
   320 | D        | Noticed a deep elf mage
   320 | D        | Noticed a deep elf mage
   320 | D        | Found a transporter.
   324 | D        | Killed a deep elf mage
   324 | D        | Killed a deep elf mage
   324 | D        | Reached XP level 9. HP: 30/74 MP: 11/15
   325 | D        | Killed a deep elf mage
   325 | D        | Reached skill level 12 in Shields
   326 | D        | Killed a deep elf mage
   326 | D        | Reached skill level 5 in Spellcasting
   326 | D        | Reached skill level 10 in Fire Magic
   328 | D        | Killed a deep elf mage
   328 | D        | Reached skill level 5 in Conjurations
   352 | D        | Got the ring "Paimier" {rElec rF+ MR+ MP-9 Dex+3}
   530 | D        | Entered arena 7.
   531 | D        | Reached XP level 10. HP: 82/82 MP: 12/18
   538 | D        | Found a transporter.
   564 | D        | Learned a level 6 spell: Statue Form
   571 | D        | Entered arena 8.
   571 | D        | Noticed a cyan ugly thing
   571 | D        | Noticed a brown ugly thing
   575 | D        | Killed an unseen horror
   582 | D        | Killed a brown ugly thing
   586 | D        | Killed a cyan ugly thing
   586 | D        | Reached skill level 13 in Shields
   592 | D        | Found a transporter.
   777 | D        | Entered arena 9.
   780 | D        | Reached skill level 1 in Evocations
   785 | D        | Found a transporter.
   870 | D        | Entered arena 10.
   878 | D        | Found a transporter.
   915 | D        | Entered arena 11.
   915 | D        | Noticed a shining eye
   915 | D        | Noticed a shining eye
   915 | D        | Noticed an eye of devastation
   922 | D        | Gained mutation: You are dopey. (Int -2) [a shining eye]
   922 | D        | Paralysed by a floating eye for 3 turns
   927 | D        | Reached XP level 11. HP: 50/89 MP: 0/22
   928 | D        | Killed a shining eye
   928 | D        | Reached skill level 5 in Evocations
   929 | D        | Gained mutation: You possess an exceptional clarity of
                  | mind. [a shining eye]
   930 | D        | Killed a shining eye
   931 | D        | Found a transporter.
   937 | D        | Reached skill level 5 in Transmutations
   937 | D        | Reached skill level 5 in Earth Magic
   958 | D        | Got the ring "Samytuot" {rElec rPois EV+3}
   964 | D        | Got the Catalogue of Orientation and the Escort
  1147 | D        | Entered arena 12.
  1147 | D        | Noticed a soul eater
  1147 | D        | Noticed a ghoul
  1148 | D        | Noticed a soul eater
  1148 | D        | Noticed a soul eater
  1148 | D        | Noticed a soul eater
  1155 | D        | Found a transporter.
  1156 | D        | Killed a soul eater
  1161 | D        | Killed a soul eater
  1168 | D        | Killed a soul eater
  1168 | D        | Reached skill level 14 in Shields
  1170 | D        | Killed a ghoul
  1179 | D        | Killed a soul eater
  1203 | D        | Got the ring "Vycegowa" {rPois MR+ Int+5 SInv}
  1223 | D        | Learned a level 8 spell: Necromutation
  1449 | D        | Entered arena 13.
  1449 | D        | Noticed a mummy priest
  1449 | D        | Noticed a greater mummy
  1450 | D        | Noticed a greater mummy
  1450 | D        | Noticed a mummy priest
  1450 | D        | Noticed a mana viper
  1456 | D        | Noticed a mana viper
  1456 | D        | Noticed a mana viper
  1459 | D        | Noticed a flayed ghost
  1459 | D        | Noticed a jiangshi
  1460 | D        | Noticed a shadow wraith
  1461 | D        | Noticed a jiangshi
  1467 | D        | Noticed a jiangshi
  1471 | D        | Noticed a shadow wraith
  1471 | D        | Killed a mummy priest
  1471 | D        | Reached skill level 15 in Shields
  1472 | D        | Noticed a reaper
  1472 | D        | Annihilated by a reaper

Skill      XL: |  1  2  3  4  5  6  7  8  9 10 11 |
---------------+----------------------------------+-----
Fighting       | 5 7 8 10 12 13 14 | 14.5
Shields        | 5 6 7 8 10 11 12 13 15 | 15.0
Spellcasting   | 4 5 7 9 |  9.2
Conjurations   | 3 5 |  5.6
Fire Magic     | 7 11 | 11.7
Transmutations | 4 6 |  6.8
Earth Magic    | 4 6 |  6.3
Evocations     | 4 9 |  9.2
Axes           | |  0.5
Dodging        | |  2.0
Stealth        | |  2.6

Action                   |  1- 3 |  4- 6 |  7- 9 | 10-12 || total
-------------------------+-------+-------+-------+-------++-------
Melee: Double sword      |       |     3 |       |    40 ||    43
       Tentacles         |       |     2 |       |    14 ||    16
       Constrict         |       |       |       |    10 ||    10
 Cast: Fireball          |       |       |       |    15 ||    15
Invok: Potion Petition   |       |       |     1 |     7 ||     8
Evoke: Lightning rod     |     2 |     4 |    11 |    21 ||    38
       Wand              |       |     1 |     4 |     1 ||     6
       Phial of floods   |       |       |       |     4 ||     4
       Fan of gales      |       |       |       |     3 ||     3
       Phantom mirror    |       |       |       |     1 ||     1
  Use: Potion            |     1 |       |       |     7 ||     8
       Scroll            |       |     1 |       |       ||     1
  Eat: Ration            |       |       |       |     1 ||     1
Dodge: Dodged            |       |     1 |       |     8 ||     9
Block: Shield            |       |     9 |     4 |    70 ||    83
       Reflection        |       |       |       |     1 ||     1
       Rpst.: Double sword |       |     1 |       |     3 ||     4
